AoeStats
← OSAI

Lombardia

507957504Analyzed
2v2 RM · 2mo ago on Sep 20, 2026· 73m 1s· 4 players
Game mode
Random Map
Map size
Medium (4 player)
Population
200
Speed
Normal
Resources
Standard
Victory
Conquest
Starting age
Dark Age
Ending age
Imperial Age
RankedLock teamsTeams togetherTeam positionsShared explorationLock speedFull tech treeHidden civsTurbo modeCheats
Victory
Defeat
🇮🇱 Byzantines · Israel
731
+15
🇮🇱 Slavs · Israel
519
+10
vs
🇳🇱 Turks · Netherlands
418
-7
🇫🇷 Sicilians · France
387
-7
Loulouttekill
0:32 Loom
11:49 Feudal Age
12:15 Double-Bit Axe
13:04 Town Watch
13:54 Wheelbarrow
17:55 Stone Mining
17:56 Gold Mining
18:38 Horse Collar
32:49 Castle Age
33:47 Forging
33:38 Scale Mail Armor
33:43 Scale Barding Armor
33:29 Fletching
33:40 Padded Archer Armor
34:24 Gold Shaft Mining
34:25 Stone Shaft Mining
34:54 Town Patrol
35:09 Hand Cart
38:48 First Crusade
38:48 Bow Saw
38:41 Caravan
39:12 Coinage
39:13 Pikeman
41:27 Iron Casting
42:27 Heavy Plow
47:36 Imperial Age
46:58 Masonry
46:39 Heated Shot
47:10 Ballistics
46:57 Elite Skirmisher
49:51 Blast Furnace
49:06 Chain Mail Armor
49:12 Chain Barding Armor
48:49 Bodkin Arrow
50:27 Conscription
51:24 Banking
51:04 Guilds
51:41 Leather Archer Armor
51:57 Arrowslits
52:09 Murder Holes
54:14 Plate Mail Armor
53:46 Bracer
54:32 Plate Barding Armor
55:28 Crop Rotation
56:17 Chemistry
55:47 Elite Serjeant
63:02 Hauberk
62:28 Sappers
63:34 Hoardings
63:17 Halberdier
64:12 Capped Ram
Nony042
0:32 Loom
12:05 Feudal Age
12:48 Double-Bit Axe
12:46 Horse Collar
16:55 Gold Mining
21:15 Wheelbarrow
23:44 Castle Age
22:55 Stone Mining
25:45 Bow Saw
25:38 Heavy Plow
28:44 Fortified Wall
29:56 Gold Shaft Mining
31:25 Hand Cart
33:25 Town Watch
38:45 Imperial Age
36:21 Town Patrol
36:16 Fletching
37:45 Crossbowman
38:31 Thumb Ring
38:40 Forging
38:26 Bodkin Arrow
38:32 Padded Archer Armor
38:59 Ballistics
38:35 Murder Holes
38:21 Treadmill Crane
40:27 Iron Casting
41:33 Two-Man Saw
42:38 Leather Archer Armor
42:24 Bracer
43:25 Blast Furnace
46:10 Heated Shot
46:06 Arrowslits
46:25 Caravan
47:48 Artillery
48:09 Conscription
47:20 Sappers
48:52 Masonry
52:25 Ring Archer Armor
55:53 Architecture
OSAI
12:32 Feudal Age
13:57 Wheelbarrow
13:08 Horse Collar
13:29 Double-Bit Axe
20:28 Gold Mining
20:33 Stone Mining
25:53 Castle Age
24:13 Man-at-Arms
26:49 Hand Cart
26:44 Heavy Plow
27:27 Bow Saw
28:52 Stone Shaft Mining
30:08 Gold Shaft Mining
29:27 Gambesons
31:08 Caravan
33:26 Long Swordsman
33:28 Pikeman
34:08 Squires
34:40 Scale Mail Armor
39:14 Light Cavalry
39:55 Husbandry
40:47 Scale Barding Armor
40:58 Chain Mail Armor
40:44 Padded Archer Armor
40:34 Fletching
43:15 Greek Fire
42:58 Crossbowman
43:44 Thumb Ring
43:00 Elite Skirmisher
45:01 Coinage
49:02 Imperial Age
48:31 Leather Archer Armor
48:12 Bodkin Arrow
48:28 Forging
48:38 Chain Barding Armor
50:47 Treadmill Crane
51:29 Ballistics
52:11 Chemistry
51:19 Bracer
51:55 Iron Casting
51:50 Plate Mail Armor
52:30 Banking
55:35 Logistica
54:51 Elite Cataphract
54:58 Elite Cataphract
56:19 Guilds
57:50 Heavy Camel Rider
57:50 Cavalier
57:51 Hussar
57:55 Halberdier
58:05 Two-Handed Swordsman
58:57 Arbalester
59:33 Capped Ram
59:40 Champion
64:42 Conscription
65:04 Hoardings
63:54 Heavy Cavalry Archer
65:31 Plate Barding Armor
65:26 Ring Archer Armor
Good at Losing
6:18 Loom
10:55 Feudal Age
12:00 Double-Bit Axe
13:13 Horse Collar
14:58 Gold Mining
19:07 Fletching
23:04 Castle Age
21:27 Forging
21:15 Fletching
21:26 Scale Mail Armor
21:33 Scale Barding Armor
21:34 Stone Mining
23:06 Wheelbarrow
22:43 Man-at-Arms
23:58 Bow Saw
23:52 Heavy Plow
24:30 Gold Shaft Mining
24:26 Caravan
25:00 Coinage
24:47 Husbandry
24:34 Light Cavalry
26:45 Hand Cart
28:06 Bloodlines
28:09 Town Watch
30:55 Iron Casting
30:42 Chain Barding Armor
30:54 Town Patrol
31:06 Bodkin Arrow
31:58 Detinets
35:00 Chain Mail Armor
35:51 Squires
35:14 Pikeman
38:33 Imperial Age
36:37 Ballistics
36:28 Masonry
36:14 Murder Holes
36:29 Fortified Wall
39:17 Druzhina
39:38 Conscription
39:56 Hoardings
38:42 Elite Boyar
38:44 Cavalier
38:47 Hussar
38:50 Long Swordsman
41:32 Banking
42:25 Blast Furnace
41:56 Plate Mail Armor
42:31 Two-Man Saw
42:08 Crop Rotation
42:11 Onager
42:15 Capped Ram
42:18 Two-Handed Swordsman
44:00 Champion
44:04 Halberdier
48:38 Plate Barding Armor
47:59 Siege Ram
48:02 Siege Onager
51:46 Chemistry
53:19 Siege Engineers
58:07 Elite Skirmisher
58:54 Padded Archer Armor
58:19 Heavy Scorpion
Connection lost

Rejoining the realm…

Still unreachable

The connection could not be restored.

Session expired

The server has moved on; the page needs a fresh start.